[Event "*** Titled Tuesday Blitz"]
[Site "Chess.com"]
[Date "2018.07.03"]
[Round "4"]
[White "Kurai"]
[Black "2Tilted"]
[Result "1-0"]
[WhiteElo "2455"]
[BlackElo "2298"]
[TimeControl "180+2"]
[EndTime "13:52:02 PDT"]
[Termination "Kurai won by resignation"]

1. d4 Nf6 2. c4 c5 3. d5 b5 4.
f3 Qa5+ 5. Qd2 Qxd2+ 6. Nxd2 bxc4 7. e4 d6 8. Nxc4 g6 9. Bd2 Bg7 10. Bc3 Nbd7 11. Bd3 O-O 12. Ne2 Ba6 13. O-O-O Nb6 14.
b3 Bxc4 15. bxc4 Rab8 16. e5 Ne8 17. f4 Na4 18. Ba1 dxe5 19. fxe5 Nc7 20. Rhe1 Na6 21.
Nc3 Bh6+ 22. Rd2 Bxd2+ 23. Kxd2 Nxc3 24. Bxc3 Nb4 25. Bb1 Rfd8 26. Kc1 h5 27. a3 Na6 28.
Bc2 Nc7 29. h4 Na8 30. e6 Nb6 31. exf7+ Kxf7 32. Rf1+ Kg8 33. Bxg6 Nxc4 34. Bf7+ Kh7 35. Rf5 Rd6 36. Be6 Nxa3 37. Rxh5+ Kg6 38. Rg5+ Kh6 39. Bg7+ Kh7 40. Bf5+ Kg8 41. Bb2+ Kf8 42. Bxa3 Rxd5 43. g4 e6 44. Bxe6 Rxg5 45. hxg5 Rb5 46. Bc4 Ra5 47. Bb2 Ra4 48. Be6 Ke7 49. Bf5 c4 50. g6 Ra6 51. g5 Rc6 52. Bf6+ Kf8 53. Kc2 a5 54. Bd7 Rc7 55. g7+ Kf7 56. Be6+ Kxe6 57. g8=Q+ Kd6 1-0

[Event "*** Titled Tuesday Blitz"]
[Site "Chess.com"]
[Date "2018.07.03"]
[Round "4"]
[White "LimeInTheCoconut"]
[Black "Goala"]
[Result "0-1"]
[WhiteElo "2219"]
[BlackElo "2425"]
[TimeControl "180+2"]
[EndTime "13:52:05 PDT"]
[Termination "Goala won by resignation"]

1. Nf3 Nf6 2. c4 e6 3. g3 c5 4. Bg2 Qc7 5. Nc3 a6 6. O-O b6 7. b3 d6 8. Bb2 Bb7 9. d4 cxd4 10.
Qxd4 Nbd7 11. Rac1 Be7 12. Rfd1 O-O 13. e4 Rac8 14. Nd2 Rfe8 15. Nf1 Qb8 16. Ne3 Ba8 17. b4 Bf8 18. a3 Ne5 19. h3 h5 20. f4 Ng6 21.
Na4 b5 22. cxb5 axb5 23. Nc3 h4 24. f5 Ne5 25. g4 Nc4 26. Nxc4 Rxc4 27. Qd3 exf5 28. exf5 Bxg2 29. Kxg2 d5 30. g5 Nh5 31. Nxd5 Nf4+ 32. Nxf4 Qxf4 33. Rxc4 bxc4 34. Qf3 Qxg5+ 35. Kh1 c3 36. Qxc3 Qxf5 37. Rg1 Qe4+ 38. Rg2 Re6 39. Kh2 Bd6+ 40. Kg1 Rg6 41. Rxg6 Qxg6+ 42. Kf1 Qf5+ 43.
Kg1 f6 44. Qc4+ Kh7 45. Qxh4+ Kg8 46. Qc4+ Kf8 47. Qe2 Qxh3 48. Qg2 Qe3+ 49. Kh1 Kf7 50. Qd5+ Ke7 51. Qg2 g5 52. Qb7+ Ke6 53. Qg2 Qe1+ 54. Qg1 Qh4+ 55. Kg2 Qe4+ 56. Kf1 Qb1+ 57. Kg2 Qxb2+ 0-1

[Event "*** Titled Tuesday Blitz"]
[Site "Chess.com"]
[Date "2018.07.03"]
[Round "4"]
[White "Dr_Mortimer"]
[Black "rasmussvane"]
[Result "1/2-1/2"]
[WhiteElo "2807"]
[BlackElo "2574"]
[TimeControl "180+2"]
[EndTime "13:52:08 PDT"]
[Termination "Game drawn - insufficient material"]

1. e4 c6 2. Nc3 d5 3. Nf3 dxe4 4.
Nxe4 Nf6 5. Qe2 Nxe4 6. Qxe4 Qa5 7. Bc4 Bf5 8. Qf4 e6 9. Bb3 Be7 10. O-O O-O 11. d4 Nd7 12. Bd2 Qd8 13. Rfe1 Re8 14. Rad1 Rc8 15. c4 Qc7 16. Qxc7 Rxc7 17. Bf4 Rcc8 18. h3 Bf6 19. g4 Bg6 20. Bd6 Red8 21. Kg2 Nf8 22. c5 Re8 23. Bc4 Be7 24. Bxe7 Rxe7 25.
Ne5 Rd8 26. f4 Ree8 27. h4 h5 28. f5 exf5 29. gxf5 Bxf5 30. Nxf7 Kh7 31. Nxd8 Rxd8 32. Kg3 Ng6 33. d5 cxd5 34. Rd3 Bxd3 35. Bxd3 Rc8 36. b4 Rc6 37. Re7 a5 38. a3 axb4 39.
axb4 b6 40. Re5 bxc5 41. Rxh5+ Kg8 42. b5 Rd6 43. Rxd5 Rxd5 44. Bc4 Ne7 45. b6 Kf8 46.
Bxd5 Nf5+ 47. Kf4 Nd6 48. Kg5 c4 49. Bxc4 Ne4+ 50. Kf4 Nc5 51. Bd5 g6 52. Ke5 Nd7+ 53. Kf4 Nxb6 54. Kg5 Nxd5 55. Kxg6 Kg8 56. h5 Nf4+ 57. Kg5 Nxh5 1/2-1/2

[Event "*** Titled Tuesday Blitz"]
[Site "Chess.com"]
[Date "2018.07.03"]
[Round "4"]
[White "MatthewG-p4p"]
[Black "Kimster98"]
[Result "0-1"]
[WhiteElo "2675"]
[BlackElo "2509"]
[TimeControl "180+2"]
[EndTime "13:52:08 PDT"]
[Termination "Kimster98 won by resignation"]

1. c4 e6 2. Nf3 d5 3. d4 Nf6 4. Nc3 Bb4 5. Qc2 dxc4 6. e3 b5 7.
a4 c6 8. Be2 Bb7 9. O-O a6 10.
Ne5 Nbd7 11. f4 Nd5 12. Bf3 O-O 13. Bd2 Qe7 14. e4 Nxc3 15. bxc3 Bd6 16. Ng4 f5 17. exf5 exf5 18. Ne5 Nxe5 19. fxe5 Bc7 20. Bc1 Qe6 21. Ba3 Rf7 22. Bc5 Rb8 23. Rfd1 Rd7 24. g3 g6 25. Qg2 Rbd8 26. axb5 axb5 27. h4 h6 28. Ba3 Bb6 29. Kh2 Bc7 30. Re1 Kg7 31. Bb4 g5 32. g4 f4 33. Be4 Rf7 34. Ra7 Bb8 35.
Raa1 Rdd7 36. Bc5 Rd8 37. Rg1 Re8 38. Bf5 Qd5 39. Qxd5 cxd5 40. Kg2 Bc8 41. Bxc8 f3+ 42. Kf2 Rxc8 43. Ra8 Rg8 44. hxg5 hxg5 45. e6 Rf4 46. Re1 Re4 47. Rxe4 dxe4 48. Ra5 Rh8 49. d5 Rh2+ 50. Kf1 Bg3 51. Ra7+ Kg6 52. e7 Rh8 53. Ra6+ Kf7 54. Re6 Ke8 55. Rxe4 Rh1+ 56. Bg1 f2 0-1

[Event "*** Titled Tuesday Blitz"]
[Site "Chess.com"]
[Date "2018.07.03"]
[Round "4"]
[White "Arman_Hakemi"]
[Black "Aklanion"]
[Result "1-0"]
[WhiteElo "2287"]
[BlackElo "2060"]
[TimeControl "180+2"]
[EndTime "13:52:16 PDT"]
[Termination "Arman_Hakemi won by resignation"]

1. Nf3 d5 2. g3 Nc6 3. d4 Bf5 4. Bg2 e6 5. c4 Nf6 6. O-O Nb4 7. Na3 c6 8. Nh4 Bg6 9. Nxg6 hxg6 10. b3 Na6 11.
Bb2 Qa5 12. Nc2 dxc4 13. bxc4 Qh5 14. h3 Bd6 15. e4 Qxd1 16. Raxd1 Be7 17. Bc3 O-O 18. Rb1 Rab8 19. Rb3 Rfc8 20. Rfb1 b6 21. e5 Nd7 22. Ne3 Nc7 23. a4 Na6 24. f4 c5 25.
d5 Nb4 26. d6 Bd8 27. h4 a5 28. Rd1 f6 29. Be4 Kf7 30. Rb2 Nc6 31. Bxc6 Rxc6 32. Kg2 Rbc8 33. Kf3 Nb8 34. Rh1 Na6 35. h5 gxh5 36.
Rxh5 Nb4 37. Rbh2 fxe5 38. fxe5 Nd3 39. Ke4 Nc1 40. Rh8 Bg5 41. d7 Rd8 42. Rxd8 Bxd8 43.
Rh8 Ke7 44. Rg8 Kxd7 45. Rxg7+ Kc8 46. Ng4 Ne2 47. Be1 Rc7 48. Rg8 Rd7 49. Nf6 Rd4+ 50. Ke3 Nc1 51. Ne4 Kd7 52. Rg7+ Kc6 53. Nd6 Rd3+ 54. Kf2 Rxd6 55. exd6 Kxd6 56. g4 Nd3+ 57. Ke2 Ne5 58. Bg3 Bf6 59. Rg8 Ke7 60. Bxe5 Bxe5 61.
g5 Kf7 62. Rc8 Kg6 63. Rc6 Kxg5 64. Rxe6 Bc3 65. Rxb6 Kf5 66. Kd3 Bb4 67. Rh6 Ke5 68. Rh5+ Kd6 69. Ke4 Kc6 70. Rh6+ Kd7 71. Kd5 Ke7 1-0

[Event "*** Titled Tuesday Blitz"]
[Site "Chess.com"]
[Date "2018.07.03"]
[Round "4"]
[White "Storne89"]
[Black "dolynachess"]
[Result "0-1"]
[WhiteElo "2576"]
[BlackElo "2416"]
[TimeControl "180+2"]
[EndTime "13:52:24 PDT"]
[Termination "dolynachess won by resignation"]

1. e4 d5 2. exd5 Qxd5 3. Nc3 Qd8 4. d4 Nf6 5. Nf3 Bg4 6. Bc4 e6 7. h3 Bxf3 8. Qxf3 c6 9. Be3 Nbd7 10. a3 Qa5 11. O-O Be7 12. b4 Qh5 13. Qxh5 Nxh5 14. Rab1 a6 15. a4 b5 16. Be2 Nhf6 17.
a5 Nd5 18. Nxd5 cxd5 19. c3 Rc8 20. Bd2 Nf6 21. f3 Kd7 22. Bd3 g6 23. g4 h5 24.
Kg2 Ne8 25. f4 hxg4 26. hxg4 f5 27. Rh1 Nd6 28. Rxh8 Rxh8 29. g5 Ne4 30. Bxe4 dxe4 31.
Rc1 Bd6 32. Kg3 Rh5 33. c4 bxc4 34. Rxc4 Rxg5+ 35. Kf2 Rg4 36. b5 axb5 37. Rc2 Rh4 38. a6 Rh8 39. Ra2 Ra8 40. a7 Bc7 41. Ra6 Bd6 42.
Ke2 b4 43. Kd1 b3 44. Kc1 g5 45. fxg5 f4 46. g6 e3 47. g7 exd2+ 48. Kxd2 b2 49. Kc2 e5 50. d5 e4 51. g8=Q Rxg8 52. a8=Q Rxa8 53. Rxa8 Be5 54. Ra4 e3 55. Rb4 f3 56.
Kd3 e2 57. Rb7+ Kc8 58. Kd2 Kxb7 59. d6 Bxd6 0-1

[Event "*** Titled Tuesday Blitz"]
[Site "Chess.com"]
[Date "2018.07.03"]
[Round "4"]
[White "timator"]
[Black "pulvettd"]
[Result "1-0"]
[WhiteElo "2365"]
[BlackElo "2451"]
[TimeControl "180+2"]
[EndTime "13:52:24 PDT"]
[Termination "timator won by checkmate"]

1. Nf3 Nf6 2. g3 g6 3. Bg2 Bg7 4. O-O O-O 5. d4 d6 6. c4 c6 7. Nc3 Bf5 8. Nh4 Be6 9. b3 d5 10. cxd5 Nxd5 11. Nxd5 Bxd5 12. Nf3 c5 13. Bb2 Nc6 14. e3 Be4 15. Rc1 b6 16. Ba1 Nb4 17. dxc5 Nxa2 18. Bxg7 Kxg7 19. Rc4 Qxd1 20. Rxd1 Bb7 21.
Rd7 Ba6 22. Rf4 Rad8 23. Rfd4 bxc5 24. Rxd8 cxd4 25. Rxd4 Rc8 26. h3 Rc1+ 27. Kh2 Bb5 28. Rd2 Nc3 29. Nd4 Ba6 30. Rc2 Rxc2 31. Nxc2 e5 32. Kg1 Bd3 33. Nb4 Bf5 34. Nc6 Be6 35. b4 Ne2+ 36. Kh2 Nc1 37. Nxa7 Nd3 38. b5 Bc4 39. b6 Ba6 40. b7 Bxb7 41. Bxb7 Nxf2 42. Kg2 Nd1 43. Kf3 f5 44. Nb5 e4+ 45. Ke2 Nb2 46.
Bd5 Nd3 47. Bc4 Ne5 48. Bb3 Kf6 49. Nd4 h5 50. Bd1 g5 51. Kf2 h4 52. Kg2 hxg3 53.
Kxg3 Nd3 54. Be2 f4+ 55. exf4 gxf4+ 56. Kg4 Ke5 57. Bxd3 Kxd4 58. Bf1 f3 59. h4 Ke3 60. h5 Kf2 61. h6 Kxf1 62. h7 e3 63. h8=Q e2 64.
Kxf3 e1=Q 65. Qh1# 1-0

[Event "*** Titled Tuesday Blitz"]
[Site "Chess.com"]
[Date "2018.07.03"]
[Round "4"]
[White "Godzillator"]
[Black "Irochka83"]
[Result "0-1"]
[WhiteElo "2339"]
[BlackElo "2256"]
[TimeControl "180+2"]
[EndTime "13:52:28 PDT"]
[Termination "Irochka83 won by resignation"]

1. d4 Nf6 2. c4 e6 3. Nc3 Bb4 4. Qc2 O-O 5. a3 Bxc3+ 6. Qxc3 d6 7. Bg5 Nbd7 8. e3 b6 9. Bd3 Bb7 10. f3 c5 11. Ne2 Rc8 12. Qb3 cxd4 13. exd4 d5 14. O-O dxc4 15. Bxc4 Qc7 16. Rac1 Qd6 17.
Rfd1 Bd5 18. Bf4 Qe7 19. Bg5 h6 20. Bh4 Qd6 21. Bg3 Bxc4 22. Bxd6 Bxb3 23. Bxf8 Rxf8 24.
Rd3 Bd5 25. Nf4 g5 26. Ne2 Rd8 27. Rc7 a5 28. Nc3 Nf8 29. Kf2 Ng6 30. g3 Kf8 31.
Rd2 g4 32. Nxd5 Rxd5 33. Rb7 b5 34. fxg4 Ne4+ 35. Ke3 Nxd2 36. Kxd2 Rxd4+ 37. Ke3 Rd5 38. h4 Ne5 39. g5 hxg5 40. h5 Kg7 41. Ke4 Kh6 42.
g4 Nxg4 43. Rxf7 Kxh5 44. Re7 Re5+ 45. Kd4 Kg6 46. Ra7 a4 47. Rb7 Kf6 48. Rb8 Rd5+ 49. Ke4 Nf2+ 50. Ke3 Nd3 51. Ke4 Nxb2 52. Rf8+ Ke7 53.
Rg8 Nc4 54. Rg7+ Kd6 55. Rg8 Nxa3 56. Rd8+ Ke7 57. Rb8 Nc4 58. Rb7+ Kf6 59. Rb8 a3 60. Ra8 b4 61. Ra4 Rb5 62. Kd4 Nd6 63. Ra6 Nf5+ 64.
Kc4 Rb8 65. Kb3 g4 66. Ra7 g3 67.
Rh7 g2 68. Rh6+ Nxh6 0-1

[Event "*** Titled Tuesday Blitz"]
[Site "Chess.com"]
[Date "2018.07.03"]
[Round "4"]
[White "ama18"]
[Black "AndrewDGreen"]
[Result "1-0"]
[WhiteElo "2280"]
[BlackElo "2177"]
[TimeControl "180+2"]
[EndTime "13:52:28 PDT"]
[Termination "ama18 won by resignation"]

1. e4 c5 2. Nf3 g6 3. d4 cxd4 4. Nxd4 Nc6 5. c4 Nf6 6. Nc3 Nxd4 7. Qxd4 d6 8. Be2 Bg7 9. Be3 O-O 10. Qd2 a5 11. f3 a4 12. O-O Qa5 13. Rfd1 Be6 14.
Nd5 Qxd2 15. Nxe7+ Kh8 16. Rxd2 Rfe8 17. Nd5 a3 18.
Nc7 axb2 19. Rb1 Nd7 20. Nxe8 Rxe8 21. Bd4 Ne5 22. Rbxb2 Rc8 23. Rxb7 Nxc4 24. Bxg7+ Kxg7 25. Bxc4 Rxc4 26. Rxd6 Rc1+ 27. Kf2 Rc2+ 28. Kg3 Bxa2 29. e5 Re2 30. Re7 Kf8 31. Ra7 h5 32. Rf6 Bc4 33.
Rc7 Bd5 34. Rc5 Rxe5 35. Kf4 Re6 36. Rxe6 Bxe6 37. Ke5 Kg7 38. Rc7 Bf5 39. h3 Be6 40. g4 hxg4 41. hxg4 g5 42. Re7 Bc8 43. Re8 Bd7 44.
Re7 Bc8 45. Rc7 Be6 46. Rc3 Bd7 47.
Rc4 Be6 48. Rc7 Bb3 49. Kf5 Bd1 50. Rc3 Be2 51. Kxg5 Bd1 52. f4 Be2 53. f5 Bd1 54. f6+ Kh7 55. Rc7 Bb3 56. Kf4 Be6 57. g5 Kg6 58. Re7 Bg4 59. Kxg4 1-0

[Event "*** Titled Tuesday Blitz"]
[Site "Chess.com"]
[Date "2018.07.03"]
[Round "4"]
[White "SARGISMV"]
[Black "Orest_Vovk"]
[Result "1/2-1/2"]
[WhiteElo "2332"]
[BlackElo "2228"]
[TimeControl "180+2"]
[EndTime "13:52:28 PDT"]
[Termination "Game drawn - insufficient material"]

1. Nf3 h6 2. c4 g5 3. h4 g4 4. Nh2 g3 5. fxg3 Bg7 6. d4 c5 7. e3 Qc7 8. Qg4 Kf8 9. Qf4 Qxf4 10. gxf4 cxd4 11. exd4 Bxd4 12. Nf3 Nc6 13. Nxd4 Nxd4 14. Bd3 d6 15. Nc3 Nf6 16. Ne2 Bf5 17. Bxf5 Nxf5 18.
Bd2 Rg8 19. Rg1 Nxh4 20. Kf1 Ne4 21. Be1 Nf5 22. Bf2 Nd2+ 23. Ke1 Nxc4 24. g4 Ng7 25. b3 Na5 26. f5 h5 27. f6 exf6 28. Rd1 Rd8 29. Bxa7 Nc6 30. Bb6 Rd7 31. Nf4 hxg4 32. Rxg4 Ne6 33. Rxg8+ Kxg8 34. Nd5 Kg7 35. Kd2 Ne7 36.
Ne3 Ng5 37. Rg1 Kg6 38. Bd4 Nf5 39. Nxf5 Kxf5 40. Rf1+ Ke4 41. Bxf6 Nf3+ 42. Kc3 Rc7+ 43. Kb4 Ne5 44. a4 Nd3+ 45. Kb5 d5 46. Rh1 Kf5 47. Bh8 f6 48. Rf1+ Nf4 49. Bxf6 Kxf6 50. Rxf4+ Ke5 51. Rf8 d4 52. Re8+ Kd5 53. Rd8+ Ke4 54. Kb6 Rg7 55. b4 d3 56. b5 Ke3 57. a5 d2 58. a6 bxa6 59. bxa6 Rg6+ 60. Kb7 Rxa6 61. Kxa6 Ke2 62. Kb5 d1=Q 63. Rxd1 Kxd1 1/2-1/2

[Event "*** Titled Tuesday Blitz"]
[Site "Chess.com"]
[Date "2018.07.03"]
[Round "4"]
[White "sergiochess83"]
[Black "RitvarsReimanis"]
[Result "1-0"]
[WhiteElo "2747"]
[BlackElo "2466"]
[TimeControl "180+2"]
[EndTime "13:52:35 PDT"]
[Termination "sergiochess83 won by checkmate"]

1. e4 e6 2. d4 d5 3. Nd2 c6 4.
Ngf3 f5 5. exf5 exf5 6. Ne5 Nf6 7. Ndf3 Bd6 8. Bd3 O-O 9. O-O Ne4 10. c4 Be6 11.
Bf4 Bc7 12. Qb3 Qc8 13. cxd5 Bxd5 14. Bc4 Nf6 15. Rac1 Bb6 16. a4 Nbd7 17. Bxd5+ Nxd5 18. Qxd5+ cxd5 19. Rxc8 Raxc8 20. Nxd7 Rfd8 21. Nxb6 axb6 22. Bd2 Rc2 23. Bc3 Re8 24. Ra1 h6 25. h4 Kf7 26.
Ne5+ Ke6 27. Ra3 Kd6 28. Rb3 Kc7 29. Rb5 Ra8 30. a5 Ra6 31. axb6+ Kd6 32. Bb4+ Ke6 33. Nd3 Ra1+ 34. Kh2 f4 35. Nxf4+ Kf5 36. Kg3 Ke4 37. Rxd5 g5 38. hxg5 hxg5 39. Rxg5 Kxd4 40. Bc3+ Kc4 41. Rg7 Kb5 42. Rxb7 Kc6 43. Re7 Kxb6 44. Re2 Rcc1 45. Re6+ Kc7 46. Nd5+ Kd7 47. Re3 Rd1 48. Nf6+ Kd6 49. f4 Ra7 50. Ng4 Ra8 51. f5 Rf1 52. Rf3 Rg1 53. f6 Rf8 54. Bb4+ Ke6 55. Bxf8 Kf7 56.
Bc5 Rd1 57. Ne5+ Ke6 58. f7 Rd8 59. f8=Q Rxf8 60. Rxf8 Kd5 61. Kf4 Ke6 62. g4 Kd5 63. g5 Ke6 64. g6 Kd5 65. g7 Ke6 66. g8=Q# 1-0

[Event "*** Titled Tuesday Blitz"]
[Site "Chess.com"]
[Date "2018.07.03"]
[Round "4"]
[White "TenisMaster"]
[Black "Fins0905"]
[Result "0-1"]
[WhiteElo "2740"]
[BlackElo "2606"]
[TimeControl "180+2"]
[EndTime "13:52:38 PDT"]
[Termination "Fins0905 won by checkmate"]

1. e4 d5 2. exd5 Qxd5 3. Nc3 Qd8 4. d4 Nf6 5. Nf3 Bg4 6. Be3 c6 7. Bc4 e6 8. h3 Bh5 9. g4 Bg6 10. Ne5 Nbd7 11. Qe2 Bb4 12. Nxg6 hxg6 13. Bd2 Nb6 14. O-O-O Nxc4 15. Qxc4 Bxc3 16. Bxc3 Qd5 17. Qxd5 cxd5 18.
f3 Kd7 19. Bd2 Ne8 20. b3 Nd6 21. Kb2 Rac8 22. a4 Rh7 23. Rh2 f6 24. h4 Nf7 25. Rdh1 a6 26. Be3 Nd6 27. Bf2 b5 28.
axb5 Nxb5 29. Ra1 Rc6 30. Be3 Rh8 31. Ra5 Rhc8 32. Re2 Kc7 33. Ra1 Kb7 34. Rh1 Rh8 35. Bf2 g5 36. h5 Nc3 37. Rd2 Nb5 38. Re1 Rhc8 39. Re3 Rc3 40. Rxe6 Rxf3 41. Bg1 Rc6 42. Re8 Nc3 43. Rd8 Rf1 44. Bh2 Rb1+ 45. Ka3 Rb6 46. Rb8+ Kc6 47. Rxb6+ Kxb6 48. Rf2 Kb5 49. h6 gxh6 50.
Rxf6 Ne4 51. Rxh6 Rh1 52. Rh5 a5 53. Be5 Rg1 54. Rh8 Rxg4 55. Rd8 Kc6 56. Rc8+ Kb6 57.
c4 dxc4 58. bxc4 Rg1 59. c5+ Kb5 60. Rb8+ Kc4 61. c6 Nc3 62. c7 Ra1+ 63. Kb2 Ra2+ 64. Kc1 Kd3 65. c8=Q Rc2# 0-1

[Event "*** Titled Tuesday Blitz"]
[Site "Chess.com"]
[Date "2018.07.03"]
[Round "4"]
[White "51616516516"]
[Black "MikeSailer"]
[Result "0-1"]
[WhiteElo "2207"]
[BlackElo "2058"]
[TimeControl "180+2"]
[EndTime "13:52:41 PDT"]
[Termination "MikeSailer won on time"]

1. d4 d5 2. c4 c6 3. Nf3 Nf6 4.
Nc3 a6 5. e3 b5 6. b3 Bg4 7. Bd3 e6 8. h3 Bh5 9. O-O Bd6 10. Bb2 O-O 11. Qc2 Bg6 12. a3 Nbd7 13. e4 dxe4 14. Nxe4 Nxe4 15. Bxe4 Rc8 16. Bxg6 hxg6 17.
Qe2 Nf6 18. Rfd1 Bb8 19. Ne5 Qc7 20. g3 bxc4 21. bxc4 c5 22. d5 exd5 23. cxd5 c4 24.
d6 Qc5 25. Rac1 Bxd6 26. Rxc4 Qb6 27. Rxc8 Rxc8 28. Nc4 Rxc4 29. Qxc4 Bxg3 30. Bd4 Qd6 31. fxg3 Qxg3+ 32. Kf1 Qxh3+ 33. Ke2 Qg4+ 34. Kd2 Ne4+ 35. Kc2 Qg2+ 36. Kb1 Nd2+ 37. Rxd2 Qxd2 38. Bc3 Qd1+ 39. Kb2 Qd6 40. Qd4 Qxd4 41. Bxd4 Kf8 42. Kb3 f6 43.
Kb4 Ke7 44. Ka5 Kd8 45. Kxa6 Kc8 46. Ka7 g5 47. a4 g4 48. Bf2 f5 49. a5 g5 50. a6 f4 51. Bd4 g3 52. Kb6 Kb8 53. a7+ Ka8 54. Kc6 f3 55. Kd5 f2 0-1

[Event "*** Titled Tuesday Blitz"]
[Site "Chess.com"]
[Date "2018.07.03"]
[Round "4"]
[White "abhijeetgupta1016"]
[Black "dretch"]
[Result "0-1"]
[WhiteElo "2807"]
[BlackElo "2778"]
[TimeControl "180+2"]
[EndTime "13:52:52 PDT"]
[Termination "dretch won by resignation"]

1. d4 d5 2. c4 c6 3. Nc3 Nf6 4. Nf3 dxc4 5. a4 Bf5 6. Ne5 Nbd7 7. Nxc4 Nb6 8. Ne5 a5 9. e3 g6 10. Bd3 Bxd3 11. Nxd3 Bg7 12. O-O O-O 13. Qb3 Nfd7 14. Ne2 e5 15. Nxe5 Nxe5 16. dxe5 Bxe5 17. e4 Bc7 18. f4 Qe7 19. Ng3 Qb4 20. Qc2 Rad8 21. Kh1 Qc4 22. Qf2 Nxa4 23. Be3 Rd3 24. e5 Rb3 25.
Bd4 Rd8 26. Rad1 c5 27. Ne4 Rxd4 28. Nf6+ Kf8 29. Qh4 Rxd1 30. Rxd1 Rd3 31. Nxh7+ Ke8 32. Nf6+ Ke7 33. Nd5+ Ke6 34. Nxc7+ Kd7 35. e6+ fxe6 36. Qh7+ Kc6 37. Rg1 Rd7 38. Qxg6 Rxc7 39. f5 Qd5 40.
f6 Qf5 41. Qh6 Nb6 42. h3 Nd5 43. Re1 Rd7 44. f7 Qxf7 45. Rxe6+ Kc7 46. Re1 Re7 47. Rc1 b6 48. Rd1 Rd7 49. Qg5 Qe6 50. Qg3+ Kb7 51. Qf3 Qc6 52. Qf5 b5 53. h4 Nb6 54. Rc1 c4 55. h5 a4 56. Qf4 Qd5 57. Qh4 Rg7 58.
Qh3 Rh7 59. Kg1 Qc5+ 60. Kf1 Rxh5 61. Qf3+ Ka6 0-1

[Event "*** Titled Tuesday Blitz"]
[Site "Chess.com"]
[Date "2018.07.03"]
[Round "4"]
[White "racquetball1"]
[Black "DishonorOnYourCow"]
[Result "0-1"]
[WhiteElo "2042"]
[BlackElo "2243"]
[TimeControl "180+2"]
[EndTime "13:53:05 PDT"]
[Termination "DishonorOnYourCow won by checkmate"]

1. e4 c5 2. Nc3 Nc6 3. f4 g6 4. Nf3 Bg7 5. Bc4 e6 6. O-O Nge7 7. d3 O-O 8. Bb3 d5 9. Qe1 Nd4 10. Qh4 Nxb3 11. axb3 Nc6 12. Qxd8 Rxd8 13. e5 Bd7 14.
Rf2 a6 15. Na4 Bf8 16. Nb6 Rab8 17. c3 c4 18. Be3 cxd3 19. Rd2 Ne7 20. Rxd3 Bb5 21.
Rd2 Nc8 22. Rad1 Nxb6 23. Bxb6 Rdc8 24. Nd4 Bd7 25. Kf2 Be7 26. Ke3 f6 27. Kf3 fxe5 28.
fxe5 Bg5 29. Rd3 Rf8+ 30. Ke2 Bf4 31. Nf3 Bb5 32. g3 Bxd3+ 33. Rxd3 Bh6 34. b4 Rf5 35.
Bc7 Rc8 36. Bd6 Bf8 37. Nd4 Rf7 38. Bxf8 Rcxf8 39. Nxe6 Re8 40. Nf4 g5 41. Nxd5 Rxe5+ 42. Kd2 Rf2+ 43. Kc1 Rxh2 44. Ne3 Re2 45. Nc4 Rf5 46. Nd2 Rff2 47. Rd4 Rg2 48. Rd8+ Kg7 49. Rd3 h5 50. c4 h4 51. gxh4 gxh4 52. c5 h3 53. Rxh3 Rxd2 54. Rc3 Rdf2 55. Kb1 Rxb2+ 56. Kc1 Rxb4 57. c6 bxc6 58. Rxc6 Rgg4 59. Rc7+ Kf6 60. Rc6+ Ke5 61. Rxa6 Rg2 62. Ra5+ Kd4 63. Ra8 Rc4+ 64. Kb1 Kc3 65. Re8 Rb4+ 66. Ka1 Ra4+ 67. Kb1 Rg1+ 68. Re1 Rxe1# 0-1

[Event "*** Titled Tuesday Blitz"]
[Site "Chess.com"]
[Date "2018.07.03"]
[Round "4"]
[White "GMKrikor"]
[Black "Mikhail_Golubev"]
[Result "1-0"]
[WhiteElo "2610"]
[BlackElo "2388"]
[TimeControl "180+2"]
[EndTime "13:53:06 PDT"]
[Termination "GMKrikor won by resignation"]

1. e4 c5 2. Nf3 d6 3. d4 cxd4 4. Nxd4 Nf6 5. Nc3 g6 6. Be3 Bg7 7. f3 Nc6 8. Qd2 O-O 9. Bc4 Bd7 10. Bb3 Na5 11. h4 Rc8 12. h5 Nxh5 13. g4 Nf6 14.
Bh6 Bxh6 15. Qxh6 Rxc3 16. bxc3 Qc7 17. Rd1 Qxc3+ 18. Qd2 Qxd2+ 19. Kxd2 Rc8 20. Rde1 Rc5 21. Re3 Nc4+ 22. Bxc4 Rxc4 23. Ne2 Ra4 24. a3 b6 25. Rc3 Be6 26. Rb1 Nd7 27. Rb4 Ra5 28.
Nd4 Ne5 29. Ke3 Rc5 30. Kd2 Nc4+ 31. Ke2 a5 32. Rb1 Bc8 33. Nb3 Rc7 34. Nd2 Ba6 35.
Nxc4 Bxc4+ 36. Ke3 Rc6 37. a4 e5 38. g5 Kg7 39. f4 exf4+ 40. Kxf4 f6 41. Rg1 Rc5 42. gxf6+ Kxf6 43. Ke3 Ke6 44. Rb1 b5 45. axb5 Rxb5 46. Rh1 Rb4 47. Rxh7 d5 48. Rc7 Ke5 49. Re7+ Kd6 50.
Rg7 dxe4 51. Rxg6+ Kd7 52. Rg5 a4 53. Ra5 Bb5 54. Rc5 Bc6 55. c3 Rb3 56. Ra6 Bb5 57. Rb6 Bd3 58. Rh6 a3 59. Kd4 a2 60. Ra5 Bb1 61. Ra7+ Rb7 62. Rxb7+ Kc8 63. Ra7 1-0

[Event "*** Titled Tuesday Blitz"]
[Site "Chess.com"]
[Date "2018.07.03"]
[Round "4"]
[White "catalin009"]
[Black "djano"]
[Result "1/2-1/2"]
[WhiteElo "2431"]
[BlackElo "2416"]
[TimeControl "180+2"]
[EndTime "13:53:11 PDT"]
[Termination "Game drawn by repetition"]

1. e4 c5 2. Nf3 d6 3. Bb5+ Nd7 4. O-O g6 5. Re1 Bg7 6. c3 Nf6 7. d4 cxd4 8. cxd4 a6 9. Bf1 O-O 10. Nc3 e5 11. dxe5 Nxe5 12. Nxe5 dxe5 13. Be3 Be6 14.
Rc1 Rc8 15. Qa4 Qd7 16. Qxd7 Nxd7 17. a3 f5 18. exf5 gxf5 19. f4 e4 20. Red1 Kf7 21. Rd6 Ke7 22. Rcd1 Bxc3 23. bxc3 Rxc3 24. Bf2 Nc5 25. Be1 Rc2 26. Bb4 Rc8 27. Rb6 Rc7 28.
h3 e3 29. Rdd6 Bf7 30. Rd1 Ke8 31. Re1 Re7 32. Be2 Re6 33. Bxc5 Rxc5 34. Rxb7 Re4 35. Bf3 Rxf4 36. Rxe3+ Kf8 37. Ree7 Bd5 38. Bxd5 Rxd5 39.
Rf7+ Kg8 40. Rg7+ Kh8 41. Rge7 Rd8 42. Rxh7+ Kg8 43. Rhg7+ Kh8 44. Rge7 Ra4 45. Rh7+ Kg8 46. h4 Rxa3 47. h5 Rg3 48. Kf2 f4 49. h6 Rd2+ 50. Kf1 Rdxg2 51. Rhc7 Rg1+ 52. Ke2 R1g2+ 53. Kf1 Rg1+ 54.
Kf2 R1g2+ 55. Ke1 Rg1+ 56. Kf2 R1g2+ 57. Kf1 Kh8 58. Ra7 Rg1+ 59. Kf2 R1g2+ 60. Kf1 f3 61. h7 Rg1+ 62. Kf2 R1g2+ 63. Kf1 Rg1+ 64. Kf2 R1g2+ 65. Kf1 Rg1+ 66. Kf2 R1g2+ 67. Kf1 Rg1+ 68. Kf2 1/2-1/2

[Event "*** Titled Tuesday Blitz"]
[Site "Chess.com"]
[Date "2018.07.03"]
[Round "4"]
[White "Vamostodorecto"]
[Black "RiskyDecision"]
[Result "0-1"]
[WhiteElo "2350"]
[BlackElo "2488"]
[TimeControl "180+2"]
[EndTime "13:53:19 PDT"]
[Termination "RiskyDecision won on time"]

1. d4 Nf6 2. c4 e6 3. Nc3 Bb4 4. a3 Bxc3+ 5. bxc3 c5 6. f3 O-O 7. e4 Nc6 8. Be3 b6 9. Bd3 Ba6 10. f4 Na5 11. Qe2 Rc8 12. Rc1 cxd4 13. cxd4 d5 14. e5 dxc4 15. Bb1 Nd5 16. Nf3 c3 17. Qxa6 Nxe3 18. Qd3 c2 19. Qxe3 cxb1=R 20. Rxb1 Qd5 21. O-O Rc2 22. Rbc1 Rfc8 23. Rxc2 Rxc2 24. Qd3 Qa2 25. Ne1 Rc1 26. f5 Nc6 27. f6 Qb1 28. Qe3 Rd1 29.
fxg7 Nxd4 30. Qf2 Qg6 31. Nf3 Rxf1+ 32. Qxf1 Nf5 33. Qc1 Kxg7 34. Qc7 Ne3 35. Kf2 Ng4+ 36. Kg1 Qe4 37. Qc1 Qe3+ 38. Qxe3 Nxe3 39. Nd4 Nc4 40. Nc6 a5 41. a4 Nb2 42. Nb8 Nxa4 43. Nd7 b5 44. Kf2 Nb2 45. Ke2 Nc4 46. Kd3 Kg6 47. Kd4 Kf5 48. h4 Kg4 49. Nf6+ Kxh4 50. Nxh7 a4 51.
Kc3 a3 52. Kb3 Kg4 53. g3 Kxg3 54. Ng5 Kf4 55. Nxf7 Nxe5 56. Nd6 Nc4 57. Nxb5 e5 58. Nc3 Nd6 59. Kxa3 Ke3 60. Kb4 Kd4 61. Ne2+ Kd3 62. Nc3 Ne4 63. Nd5 Nd2 64. Nf6 Ne4 65. Nd5 Kd4 66.
Nb6 Nc3 0-1

[Event "*** Titled Tuesday Blitz"]
[Site "Chess.com"]
[Date "2018.07.03"]
[Round "4"]
[White "Bad4life"]
[Black "Max_Schachmann"]
[Result "1-0"]
[WhiteElo "2430"]
[BlackElo "2644"]
[TimeControl "180+2"]
[EndTime "13:53:22 PDT"]
[Termination "Bad4life won by checkmate"]

1. e4 e5 2. Nf3 Nf6 3. Nxe5 d6 4. Nf3 Nxe4 5. Nc3 Nxc3 6. dxc3 Be7 7. Be3 O-O 8. Qd2 Nd7 9. O-O-O c6 10. h4 Re8 11.
Kb1 d5 12. h5 Nf6 13. h6 g6 14. Bd3 Bg4 15. Rde1 Bxf3 16. gxf3 Nd7 17. Reg1 b5 18. f4 Nf8 19. f5 a5 20. f4 b4 21. fxg6 fxg6 22.
Bd4 c5 23. Be5 Bf6 24. Bb5 bxc3 25. Qxc3 Bxe5 26. fxe5 Re6 27. Rf1 Qe7 28. Re1 a4 29. Rhf1 a3 30. b3 Rb8 31. Ba4 Rb4 32. Qf3 g5 33.
Kc1 Rf4 34. Qxd5 Rd4 35. Qf3 Ng6 36. Bb5 Rf4 37. Qa8+ Rf8 38. Rxf8+ Qxf8 39. Qd5 Nf4 40. Qc4 Qxh6 41. Bd7 g4 42. Bxe6+ Nxe6+ 43. Kb1 Qg6 44. Rf1 g3 45. Qd5 Kg7 46. Qd7+ Kh6 47. Qd2+ Kg7 48. Rf6 Qg5 49. Qd7+ Kh8 50. Qe8+ Qg8 51. Qxg8+ Kxg8 52. Rf3 Nd4 53. Rxg3+ Kf7 54. Rc3 Ne6 55. Rh3 Kg6 56. c3 h5 57. b4 Nf4 58. Rg3+ Kf5 59. Re3 Nd5 60. e6 Kf6 61. Rd3 Nf4 62. Rf3 Kg5 63. e7 Nd5 64. e8=Q cxb4 65. Qg8+ Kh4 66. Qxd5 bxc3 67.
Qe4+ Kg5 68. Rf5+ Kh6 69. Qe6+ Kg7 70. Rf7+ Kh8 71. Qe8# 1-0